 Dungeon Crawl Stone Soup version 0.27-a0-789-g6bb3289e1e (webtiles) character file.

Game seed: 950560990997751372

60 robertstho the Magician (level 4, -2/31 HPs)
             Began as a Djinni Ice Elementalist on Mar 26, 2021.
             Killed by miscasting Summon Ice Beast (12 damage)
             ... on level 4 of the Dungeon.
             The game lasted 00:03:32 (3702 turns).

robertstho the Magician (Djinni Ice Elementalist)   Turns: 3702, Time: 00:03:33

Health: -2/31      AC:  2    Str:  7    XL:     4   Next: 6%
Gold:   57         EV: 12    Int: 18    God:
                   SH:  0    Dex: 13

rFire    + + .     SeeInvis .   d - +0 dagger
rCold    x . .     Faith    .   (no shield)
rNeg     . . .     Spirit   .   a - +0 robe
rPois    ∞         Reflect  .   (no helmet)
rElec    .         Harm     .   (no cloak)
rCorr    .         Rampage  .   (no gloves)
Will     .....                  (boots unavailable)
Stlth    ++........             (no amulet)
HPRegen  0.10/turn              (no ring)
MPRegen  0.00/turn              (no ring)

@: flying, very slightly contaminated
A: fire resistance 2, cold vulnerability 1, float, innate caster, hp casting,
extra vitality 1
a: no special abilities


You were on level 4 of the Dungeon.
You visited 1 branch of the dungeon, and saw 4 of its levels.

You collected 57 gold pieces.

Inventory:

Hand Weapons
 d - a +0 dagger (weapon)
Armour
 a - a +0 robe (worn)
Jewellery
 h - a ring of wizardry
Wands
 n - a wand of charming (11)
Scrolls
 e - 2 scrolls of identify {unknown}
 i - a scroll of summoning {unknown}
 j - 3 scrolls of fear {unknown}
 k - 2 scrolls of holy word {unknown}
 o - 2 scrolls of noise {unknown}
Potions
 b - a potion of magic {unknown}
 c - a potion of might {unknown}
 f - 2 potions of heal wounds {unknown}
 g - 3 potions of curing {unknown}
 l - a potion of haste {unknown}
 m - a potion of lignification {unknown}
 p - a potion of invisibility {unknown}
 q - a potion of flight {unknown}


   Skills:
 + Level 0.8 Fighting
 + Level 0.6 Short Blades
 + Level 2.3 Dodging
 + Level 2.1 Stealth
 + Level 0.4 Unarmed Combat
 + Level 4.2 Spellcasting


You couldn't memorise any spells.
You knew the following spells:

 Your Spells              Type           Power      Damage    Failure   Level
a - Freeze                Ice            76%        1d9       2%          1
b - Frozen Ramparts       Ice            38%        1d5       8%          3
c - Ozocubu's Armour      Ice            19%        N/A       8%          3
d - Hailstorm             Conj/Ice       19%        3d6       24%         4
e - Summon Ice Beast      Ice/Summ       19%        N/A       24%         4
f - Pain                  Necr           76%        1d7       2%          1
Your spell library was empty.

Dungeon Overview and Level Annotations

Branches:
Dungeon (4/15)
 Temple: D:4-7

Altars:
Hepliaklqana
Vehumet
Zin

Shops:
D:2 [


Innate Abilities, Weirdness & Mutations

You are immune to poison.
Your flesh is very heat resistant. (rF++)
You are vulnerable to cold. (rC-)
You float through the air rather than walking.
You learn spells naturally, not from books.
Your magical power is your life essence.
You have superior vitality. (+4 HP)


Message History

Casting: Frozen Ramparts (quite dangerous; 8% risk of failure)
Confirm with . or Enter, or press ? or * to list all spells.
The spell is quite dangerous to cast (8% risk of failure)!
Continue anyway?
Casting: Frozen Ramparts (quite dangerous; 8% risk of failure)
Press: ? - help, Dir - look around, f - activate The walls around you are covered in ice.
The wall freezes the jackal.
The jackal bites you.
The wall freezes the jackal but does no damage.
Unknown command.
You are too injured to fight recklessly!
You are too injured to fight recklessly!
You hit the jackal.
You kill the jackal!
You hit the jackal but do no damage.
The wall freezes the jackal.
The jackal closely misses you.
You hit the jackal.
The jackal is almost dead.
The wall freezes the jackal.
You kill the jackal!
The frozen ramparts melt away.
A centaur zombie is nearby!
A centaur zombie is nearby!
A centaur zombie is nearby!
A centaur zombie is nearby!
A centaur zombie is nearby!
You see here a scroll labelled XEIPNI IRUWI.
o - 2 scrolls labelled XEIPNI IRUWI (gained 1)
The centaur zombie barely misses you. x2
The centaur zombie hits you but does no damage.
The centaur zombie misses you.
A ball python comes into view.
The centaur zombie completely misses you.
The centaur zombie kicks you.
Casting: Frozen Ramparts (quite dangerous; 8% risk of failure)
Confirm with . or Enter, or press ? or * to list all spells.
The spell is extremely dangerous to cast (24% risk of failure)!
Continue anyway?
You miscast Summon Ice Beast.
You are very lightly contaminated with residual magic.
You shiver with cold!
You feel a terrible chill!
You die...

..## ...... ..S....
......... .. .........
... #####.......# ##...
##..........## ....
#...Z.#......# ..#
#..@#........##..##
##..#.............#.
#.###........†.....
...###...####..##...
...........###†####.
..##..<........††.....
..##.......##.......>.
.......?...............
.....................#


You could see a centaur zombie and a ball python (wandering).

Vanquished Creatures
  An adder (D:2)
  2 dart slugs
  3 orcs (D:3)
  3 endoplasms
  4 giant cockroaches
  3 goblins
  2 hobgoblins
  5 jackals (D:4)
  3 kobolds (D:1)
  2 quokkas
  4 bats
  4 frilled lizards
  5 rats
41 creatures vanquished.

Notes
Turn   | Place    | Note
-------+----------+-------------------------------------------
     0 | D:1      | robertstho the Djinni Ice Elementalist began the quest for
                  | the Orb.
     0 | D:1      | Reached XP level 1. HP: 15/15 MP: 0/0
   657 | D:1      | Reached XP level 2. HP: 21/21 MP: 0/0
  1069 | D:1      | Reached skill level 4 in Spellcasting
  2337 | D:2      | Found Jireaz's Antique Armour Shoppe.
  2434 | D:2      | Reached XP level 3. HP: 26/26 MP: 0/0
  2434 | D:2      | Learned a level 1 spell: Pain
  3553 | D:3      | Found a glowing silver altar of Zin.
  3553 | D:3      | Found a hazy altar of Hepliaklqana.
  3663 | D:4      | Reached XP level 4. HP: 16/31 MP: 0/0
  3702 | D:4      | Killed by miscasting Summon Ice Beast

Illustrated notes

Levels and vault maps discovered:
D:1:      erik_arrival_orb_chamber, layout_basic
D:2:      layout_loops_ring, serial_shops, nicolae_shop_statue_plus
D:3:      layout_rooms, gammafunk_temple_overflow_claw
D:4:      layout_cave_pools, minmay_temple_entry_mini_moons

Skill      XL: |  1  2  3 |
---------------+----------+-----
Spellcasting   | 4 |  4.2
Stealth        | 2 |  2.1
Fighting       | |  0.8
Short Blades   | |  0.6
Dodging        | |  2.3
Unarmed Combat | |  0.4

Action                   |  1- 3 |  4- 6 || total
-------------------------+-------+-------++-------
Melee: Dagger            |    88 |     4 ||    92
       Unarmed           |     7 |       ||     7
 Cast: Freeze            |    29 |       ||    29
       Frozen Ramparts   |     3 |     1 ||     4
 Stab: Sleeping          |     5 |       ||     5
Armor: Robe              |    33 |     2 ||    35
Dodge: Dodged            |    60 |     7 ||    67

Table legend: (Time is in decaauts)
 A = Elapsed time spent in this place.
 B = Non-inter-level travel time spent in this place.
 C = Inter-level travel time spent in this place.
 D = Time resting spent in this place.
 E = Time spent auto-exploring this place.
 F = Levels seen in this place.
 G = Mean time per level.
                   A        B        C        D        E       F      G
               +--------+--------+--------+--------+--------+-----+--------+
         Total |   3700 |   3622 |     78 |    392 |   2883 |   4 |  925.0 |
       Dungeon |   3700 |   3622 |     78 |    392 |   2883 |   4 |  925.0 |
               +--------+--------+--------+--------+--------+-----+--------+

Top non-repeatable levels by time:
     D:1: 1548 daAuts
     D:2: 1068 daAuts
     D:3: 1018 daAuts
     D:4: 64 daAuts
